 Dungeon Crawl Stone Soup version 0.25-a0-565-g8875c97ebb (webtiles) character file.

Game seed: 16214154940428062148, levelgen mode: deterministic

23989 Flugslaktarn the Cleaver (level 12, -4/121 HPs)
             Began as a Deep Dwarf Fighter on Feb 26, 2020.
             Was an Elder of Makhleb.
             Killed from afar by a deep elf knight (19 damage)
             ... with a stone arrow
             ... on level 13 of the Dungeon.
             The game lasted 00:06:19 (7441 turns).

Flugslaktarn the Cleaver (Deep Dwarf Fighter)       Turns: 7441, Time: 00:06:19

Health: -4/121     AC: 16    Str: 21    XL:     12   Next: 76%
Magic:  9/9        EV:  7    Int: 10    God:    Makhleb [****..]
Gold:   647        SH: 12    Dex: 21    Spells: 11/11 levels left

rFire    . . .     SeeInvis .   k - +6 war axe "Larruib" {vorpal, rC- rN+ Str-3 Dex+9}
rCold    x . .     Gourm    .   c - +0 kite shield
rNeg     + . .     Faith    .   z - +0 plate armour (curse)
rPois    .         Spirit   .   u - +0 helmet
rElec    .         Reflect  .   (no cloak)
rCorr    .         Harm     .   (no gloves)
MR       +....                  (no boots)
Stlth    ..........             (no amulet)
HPRegen  0.00/turn              b - +2 ring of evasion
MPRegen  0.11/turn              (no ring)

@: non-regenerating
A: damage resistance, heal wounds, sense surroundings 2, no regeneration
a: Heal Wounds, Minor Destruction, Lesser Servant of Makhleb, Major Destruction,
Renounce Religion


You were on level 13 of the Dungeon.
You worshipped Makhleb.
Makhleb was greatly pleased with you.
You were not hungry.

You visited 2 branches of the dungeon, and saw 14 of its levels.

You collected 647 gold pieces.

Inventory:

Hand Weapons
 k - the +6 war axe "Larruib" (weapon) {vorpal, rC- rN+ Str-3 Dex+9}
   (You found it on level 7 of the Dungeon)

   It inflicts extra damage upon your enemies.
   It affects your strength (-3).
   It affects your dexterity (+9).
   It makes you vulnerable to cold.
   It protects you from negative energy.
 F - a +1 broad axe of flaming
   (You found it on level 12 of the Dungeon)
Missiles
 h - 5 throwing nets (quivered)
Armour
 c - a +0 kite shield (worn)
 o - quicksilver dragon scales
   (You found it on level 4 of the Dungeon)
 u - a +0 helmet (worn)
   (You found it on level 6 of the Dungeon)
 z - a cursed +0 plate armour (worn)
   (You found it on level 8 of the Dungeon)
Jewellery
 b - a +2 ring of evasion (left hand)
   (You found it on level 8 of the Dungeon)
 l - an uncursed ring of protection from magic {unknown}
   (You found it on level 13 of the Dungeon)
Wands
 g - a wand of enslavement (9)
   (You found it on level 11 of the Dungeon)
 m - a wand of iceblast (22)
   (You found it on level 3 of the Dungeon)
 n - a wand of acid (35)
   (You found it on level 3 of the Dungeon)
 v - a wand of digging (5)
   (You found it on level 10 of the Dungeon)
 C - a wand of clouds (5)
   (You found it on level 9 of the Dungeon)
Scrolls
 f - a scroll of fog
 p - a scroll of immolation
 q - 2 scrolls of enchant armour
 r - 9 scrolls of identify
 t - 7 scrolls of teleportation
 w - 8 scrolls of remove curse
 B - a scroll of magic mapping
Potions
 d - 4 potions of might
 i - a potion of berserk rage
 j - a potion of stabbing
 s - a potion of ambrosia
 E - a potion of cancellation
Comestibles
 e - 14 rations
 x - 12 chunks of flesh


   Skills:
 * Level 11.7 Fighting
 * Level 13.4 Axes
 + Level 10.3 Armour
 + Level 7.8 Shields
 + Level 8.1 Invocations


You had 11 spell levels left.
You didn't know any spells.
Your spell library was empty.

Dungeon Overview and Level Annotations

Branches:
Dungeon (13/15)            Temple (1/1) D:7            Lair (0/6) D:8
    Orc (0/2) D:12
 Vaults: D:13-14

Altars:
Ashenzari
Cheibriados
Dithmenos
Elyvilon
Gozag
Hepliaklqana
Makhleb
Okawaru
Ru
Sif Muna
Trog
Uskayaw
Wu Jian
Xom
Zin
The Shining One

Shops:
D:4 *   D:9 =   D:13 :

Annotations:
D:5 1 runed translucent door, Tenar's ghost, novice DsEE


Innate Abilities, Weirdness & Mutations

You are resistant to damage.
You can heal yourself by infusing magical energy.
You passively map the area around you.
You do not regenerate.


Message History

Your shield and plate armour prevent you from hitting the deep elf knight.
The deep elf knight is heavily wounded.
The deep elf knight gestures at you while chanting.
The stone arrow hits you!!
You barely miss the deep elf knight.
The deep elf knight is heavily wounded.
The deep elf knight casts a spell at you.
The stone arrow hits you!!
* * * LOW HITPOINT WARNING * * *
You are too injured to fight recklessly!
You are too injured to fight recklessly!
You are too injured to fight recklessly!
A vault guard and a tengu conjurer come into view.
The tengu conjurer shouts!
The vault guard shouts!
The deep elf knight casts a spell.
The deep elf knight seems to speed up.
There is an open gate here.
The deep elf knight gestures at you while chanting.
The stone arrow hits you!!
You die...

, , .###.≈≈≈#.., * *
* ,....≈≈≈≈.., ,,
#..≈≈≈≈p #
#.##..≈≈≈≈#* ,.# ,
#.##..≈≈≈≈# ..# , #.#
#..≈≈≈#####!Q.# **
#.###...).'.......#⌠
#.##......e...#...+,∩
#.##.(....'@...p..#
#.##...≈≈≈#####...#*
#####..(..≈≈≈≈# ,#
#.....###.≈≈≈≈#***
##.###.#...≈≈≈≈p.
...# #...#.≈≈≈≈... ,
#..#*#...##.≈≈≈#.. *,
, #............≈≈###
* #.##.>(........#
###


You could see a vault guard, a deep elf knight and a tengu conjurer.

Vanquished Creatures
  Harold (D:10)
  A hydra (D:13)
  Erica (D:10)
  A death knight (D:13)
  A centaur warrior (D:13)
  3 two-headed ogres
  4 skeletal warriors (D:10)
  2 ugly things
  A manticore (D:12)
  Joseph (D:9)
  2 gargoyles
  2 trolls
  Prince Ribbit (D:8)
  A hornet (D:11)
  3 slime creatures (D:12)
  7 hippogriffs
  A shadow (D:11)
  A vampire (D:10)
  28 yaks
  A basilisk (D:11)
  3 wyverns
  A human (D:7)
  A hungry ghost (D:7)
  3 hogs (D:7)
  2 vampire mosquitoes (D:12)
  Edmund (D:4)
  Grum (D:9)
  2 wargs (D:12)
  A soldier ant (D:12)
  Duvessa (D:5)
  An orc warrior (D:4)
  2 ice beasts
  5 sky beasts
  4 phantoms
  An eye of draining (D:12)
  A necrophage (D:9)
  3 ogres
  3 wolves (D:9)
  5 centaurs
  5 bullfrogs
  Dowan (D:5)
  4 scorpions
  A water moccasin skeleton (D:6)
  17 killer bees
  3 wights (D:9)
  6 electric eels (D:8)
  A centaur zombie (D:11)
  4 crimson imps
  2 bullfrog zombies
  3 bullfrog skeletons
  4 hounds
  8 orc wizards
  7 orc priests
  2 centaur skeletons
  2 jellies
  5 iguanas
  15 worker ants
  2 hound skeletons
  A howler monkey zombie (D:9)
  6 gnolls
  15 adders
  2 howler monkey skeletons
  3 shadow imps
  An ooze (D:1)
  2 adder zombies
  An adder skeleton (D:4)
  5 leopard geckos
  34 orcs
  2 ball pythons
  5 giant cockroaches
  2 goblins (D:1)
  6 hobgoblins
  2 jackals (D:2)
  4 kobolds
  4 quokkas
  3 bats
  4 frilled lizards
  A leopard gecko skeleton (D:4)
  A quokka skeleton (D:8)
  A plant (D:8)
301 creatures vanquished.

Vanquished Creatures (others)
  A hungry ghost (D:13)
  A centaur (D:13)
2 creatures vanquished.

Grand Total: 303 creatures vanquished

Notes
Turn   | Place    | Note
-------+----------+-------------------------------------------
     0 | D:1      | Flugslaktarn the Deep Dwarf Fighter began the quest for the
                  | Orb.
     0 | D:1      | Reached XP level 1. HP: 20/20 MP: 1/1
   107 | D:1      | Reached XP level 2. HP: 24/27 MP: 2/2
   142 | D:2      | Reached skill level 3 in Axes
   142 | D:2      | Reached XP level 3. HP: 29/34 MP: 3/3
   158 | D:2      | Reached XP level 4. HP: 26/42 MP: 4/4
   374 | D:4      | Found Coum's Assorted Antiques.
   472 | D:4      | Reached XP level 5. HP: 35/50 MP: 5/5
   481 | D:4      | Noticed an ogre
   496 | D:4      | Killed an ogre
   496 | D:4      | Reached skill level 4 in Axes
   642 | D:4      | Noticed a hippogriff
   648 | D:4      | Killed a hippogriff
   648 | D:4      | Reached skill level 5 in Axes
   648 | D:4      | Reached XP level 6. HP: 40/60 MP: 5/5
   808 | D:4      | Reached skill level 5 in Fighting
   881 | D:4      | Noticed Edmund
   900 | D:4      | Killed Edmund
   900 | D:4      | Reached skill level 5 in Armour
   900 | D:4      | Reached XP level 7. HP: 62/67 MP: 6/6
   938 | D:4      | Reached skill level 6 in Axes
  1082 | D:5      | Entered Level 5 of the Dungeon
  1223 | D:5      | Found a runed translucent door.
  1250 | D:5      | Noticed Dowan
  1251 | D:5      | Noticed Duvessa
  1264 | D:5      | Noticed a hippogriff
  1273 | D:5      | Killed Dowan
  1273 | D:5      | Reached XP level 8. HP: 48/76 MP: 7/7
  1279 | D:5      | Killed Duvessa
  1289 | D:5      | Killed a hippogriff
  1289 | D:5      | Reached skill level 7 in Axes
  2012 | D:5      | Noticed Tenar's ghost (novice DsEE)
  2099 | D:6      | Reached skill level 8 in Axes
  2489 | D:6      | Gained mutation: You passively map the area around you.
                  | [Deep Dwarf growth]
  2489 | D:6      | Reached XP level 9. HP: 41/86 MP: 8/8
  2835 | D:7      | Reached skill level 9 in Axes
  3003 | D:7      | Got a polished war axe
  3004 | D:7      | Identified the +6 war axe "Larruib" {vorpal, rC- rN+ Str-3
                  | Dex+9} (You found it on level 7 of the Dungeon)
  3013 | D:7      | Found a staircase to the Ecumenical Temple.
  3374 | D:8      | Reached skill level 10 in Axes
  3417 | Temple   | Entered the Ecumenical Temple
  3440 | Temple   | Became a worshipper of Makhleb the Destroyer
  3489 | D:8      | Noticed Prince Ribbit
  3501 | D:8      | Killed Prince Ribbit
  3529 | D:8      | Reached skill level 1 in Invocations
  3529 | D:8      | Reached XP level 10. HP: 66/98 MP: 6/6
  3847 | D:8      | Found a staircase to the Lair.
  3916 | D:8      | Noticed a brown ugly thing
  3921 | D:8      | Reached * piety under Makhleb
  3956 | D:8      | Killed a brown ugly thing
  4463 | D:9      | Noticed Joseph
  4473 | D:9      | Killed Joseph
  4473 | D:9      | Reached ** piety under Makhleb
  4473 | D:9      | Reached skill level 11 in Axes
  4474 | D:9      | Reached skill level 5 in Shields
  4607 | D:9      | Found a shattered altar of Ashenzari.
  4715 | D:9      | Found Bygiodgh's Jewellery Boutique.
  4819 | D:9      | Reached XP level 11. HP: 96/108 MP: 9/9
  4991 | D:9      | Noticed Grum
  5005 | D:9      | Killed Grum
  5102 | D:10     | Entered Level 10 of the Dungeon
  5107 | D:10     | Reached skill level 10 in Fighting
  5208 | D:10     | Noticed a skeletal warrior
  5208 | D:10     | Noticed a skeletal warrior
  5208 | D:10     | Noticed a skeletal warrior
  5210 | D:10     | Noticed a skeletal warrior
  5212 | D:10     | Noticed Harold
  5234 | D:10     | HP: 4/108 [skeletal warrior/+0 great mace[a skeletal
                  | warrior] (18)]
  5247 | D:10     | Killed a skeletal warrior
  5250 | D:10     | Killed a skeletal warrior
  5250 | D:10     | Reached *** piety under Makhleb
  5250 | D:10     | Reached skill level 5 in Invocations
  5267 | D:10     | Killed a skeletal warrior
  5275 | D:10     | Killed Harold
  5290 | D:10     | Killed a skeletal warrior
  5525 | D:10     | Noticed Erica
  5545 | D:10     | Killed Erica
  5545 | D:10     | Reached skill level 12 in Axes
  5866 | D:11     | Noticed a two-headed ogre
  5873 | D:11     | Killed a two-headed ogre
  6025 | D:11     | Reached XP level 12. HP: 118/118 MP: 9/9
  6362 | D:12     | Reached **** piety under Makhleb
  6379 | D:12     | Noticed a two-headed ogre
  6401 | D:12     | Killed a two-headed ogre
  6412 | D:12     | Reached skill level 10 in Armour
  6427 | D:12     | Reached skill level 13 in Axes
  6504 | D:12     | Noticed a two-headed ogre
  6512 | D:12     | Killed a two-headed ogre
  6612 | D:12     | Found a staircase to the Orcish Mines.
  7077 | D:13     | Noticed a four-headed hydra
  7082 | D:13     | Killed a one-headed hydra
  7102 | D:13     | Noticed a centaur warrior
  7111 | D:13     | Killed a centaur warrior
  7186 | D:13     | Noticed a death knight
  7201 | D:13     | Killed a death knight
  7322 | D:13     | Found Eteg's Book Boutique.
  7424 | D:13     | Noticed a vault guard
  7427 | D:13     | Noticed a vault guard
  7440 | D:13     | Noticed a vault guard
  7441 | D:13     | Killed from afar by a deep elf knight

Levels and vault maps discovered:
D:1:      mushboom_english_gardens, layout_basic
D:2:      layout_rooms, st_stairs_2, uniq_crazy_yiuf_cottage
D:3:      layout_basic, first_ration, grunt_qazlal_sundering
D:4:      layout_gridville, serial_shops, nicolae_shop_overgrown_old_shop,
          uniq_edmund
D:5:      layout_layer_cave, ebering_ghost_sewer_d, serial_bayou_crossing,
          uniq_duvessa
D:6:      layout_loops_cross, minmay_misc_feat_enclosed
D:7:      layout_cave_pods, minmay_temple_entry_overgrown, grunt_livestock
D:8:      layout_loops_corners, lair_entry_dummy, serial_bayou,
          serial_bayou_pond_a, serial_bayou_pond_e, serial_bayou_ford_a,
          serial_bayou_lake_a, st_stairs_11, uniq_prince_ribbit1
D:9:      layout_basic, serial_shops, kennysheep_mini,
          cheibrodos_ashenzari_chains, uniq_joseph, uniq_grum
D:10:     layout_irregular_city, uniq_erica, uniq_harold
D:11:     layout_rooms, minmay_door_square
D:12:     layout_irregular_city, erik_orc_4
D:13:     layout_loops_corners, grunt_vaults_entry_fortified, serial_shops,
          nicolae_shop_stone, lemuel_flamethrower_2
Temple:   nicolae_temple_the_god_donut

Skill      XL: |  1  2  3  4  5  6  7  8  9 10 11 12 |
---------------+-------------------------------------+-----
Fighting       | 3 4 5 6 7 8 9 10 11 | 11.7
Axes           | 3 5 6 8 10 11 12 13 | 13.4
Armour         | 4 5 6 7 8 9 10 | 10.3
Invocations    | 1 4 6 8 |  8.1
Shields        | 5 6 7 |  7.8

Action                   |  1- 3 |  4- 6 |  7- 9 | 10-12 || total
-------------------------+-------+-------+-------+-------++-------
Melee: War axe           |    49 |   145 |   329 |   502 ||  1025
       Broad axe         |       |       |       |    44 ||    44
 Abil: Heal Wounds       |     1 |     6 |    12 |    25 ||    44
Evoke: Wand              |       |       |       |     6 ||     6
  Use: Scroll            |       |       |     9 |    11 ||    20
  Eat: Chunk             |       |       |    10 |    14 ||    24
       Ration            |       |       |     3 |       ||     3
Armor: Scale mail        |     7 |       |       |       ||     7
       Chain mail        |    42 |    19 |       |       ||    61
       Plate armour      |       |    49 |       |   233 ||   282
       Quicksilver drago |       |    16 |   187 |    31 ||   234
Dodge: Dodged            |    20 |    28 |    99 |   123 ||   270
Block: Kite shield       |    48 |    73 |   166 |   327 ||   614

Table legend:
 A = Non-vault XP
 B = Vault XP
 C = Vault XP percentage of total XP
 D = Non-vault monster count
 E = Vault monster count
 F = Vault count percentage of total count
                 A         B        C        D         E       F
            +---------+---------+-------+---------+---------+-------
      Total |   28634 |    5636 |  16.4 |     262 |      38 |  12.7
            +---------+---------+-------+---------+---------+-------
        D:1 |      23 |       0 |   0.0 |      11 |       0 |   0.0
        D:2 |      85 |      15 |  15.0 |      14 |       2 |  12.5
        D:3 |      19 |       0 |   0.0 |       4 |       0 |   0.0
        D:4 |     767 |     169 |  18.1 |      22 |       1 |   4.3
        D:5 |     949 |     211 |  18.2 |      21 |       2 |   8.7
        D:6 |     631 |       0 |   0.0 |      12 |       0 |   0.0
        D:7 |    1066 |     958 |  47.3 |      15 |       5 |  25.0
        D:8 |    2163 |     426 |  16.5 |      31 |       5 |  13.9
        D:9 |    3486 |     981 |  22.0 |      33 |       5 |  13.2
       D:10 |    4547 |    1942 |  29.9 |      22 |       2 |   8.3
       D:11 |    3819 |       0 |   0.0 |      28 |       0 |   0.0
       D:12 |    6787 |     519 |   7.1 |      33 |      15 |  31.2
       D:13 |    4292 |     415 |   8.8 |      16 |       1 |   5.9
            +---------+---------+-------+---------+---------+-------
